 Dungeon Crawl Stone Soup version 0.16.1-16-gc44b35d (webtiles) character file.

163 KarvaRausku the Chopper (level 5, -5/30 HPs)
             Began as a Gargoyle Gladiator on Apr 17, 2015.
             Killed by nerve-wracking pain
             ... invoked by Grinder
              (11 damage)
             ... while paralysed by Grinder
             ... on level 3 of the Dungeon.
             The game lasted 00:04:24 (2434 turns).

KarvaRausku the Chopper (Gargoyle Gladiator)        Turns: 2434, Time: 00:04:24

Health: -5/30      AC: 11    Str: 19    XL:     5   Next: 44%
Magic:  5/5        EV:  2    Int:  9    God:
Gold:   151        SH:  0    Dex: 10    Spells: 0 memorised, 4 levels left

rFire  . . .     SeeInvis .     a - +0 war axe
rCold  . . .     Clarity  .     b - +0 leather armour
rNeg   + . .     SustAb   .     (no shield)
rPois  ∞         Gourm    .     c - +0 helmet
rElec  +         Spirit   .     p - +1 cloak
rCorr  .         Warding  .     n - +0 pair of gloves
rMut   .         Stasis   .     (no boots)
MR     .....                    (no amulet)
Stlth  +.........               (no ring)
                                (no ring)

@: paralysed, not resistant to hostile enchantments, very unstealthy
A: negative energy resistance 1, electricity resistance, unbreathing,
petrification resistance, rot immunity, AC +4
a: no special abilities


You were on level 3 of the Dungeon.
You were not hungry.

You visited 1 branch of the dungeon, and saw 3 of its levels.

You collected 151 gold pieces.

Inventory:

Hand weapons
 a - a +0 war axe (weapon)
Missiles
 d - 3 throwing nets (quivered)
Armour
 b - a +0 leather armour (worn)
 c - a +0 helmet (worn)
 n - a +0 pair of gloves (worn)
 p - a +1 cloak (worn)
Scrolls
 e - 4 scrolls of identify {unknown}
 h - 2 scrolls of teleportation {unknown}
 j - 3 scrolls of remove curse {unknown}
 l - 2 scrolls of enchant armour {unknown}
 r - a scroll of enchant weapon {unknown}
Potions
 g - a potion of might {unknown}
 i - a potion of haste {unknown}
 m - 2 potions of degeneration {unknown}
 o - a potion of restore abilities {unknown}
 q - 2 potions of mutation {unknown}
Comestibles
 f - 3 bread rations
 k - a slice of pizza
 s - a beef jerky


   Skills:
 - Level 2.1 Fighting
 + Level 5.4 Axes
 - Level 2.0 Throwing
 - Level 2.4 Dodging


You had 4 spell levels left.
You didn't know any spells.

Dungeon Overview and Level Annotations

Branches:
Dungeon (3/15)

Altars:
Yredelemnul

Annotations:
D:3 Grinder


Innate Abilities, Weirdness & Mutations

You are resistant to torment.
You are immune to poison.
Your stone body is very resilient (AC +4).
You resist negative energy.
You are resistant to electric shocks.
You can survive without breathing.
You are immune to petrification.
You are immune to rotting.


Message History

Grinder hits you.
You hit Grinder.
Grinder is moderately wounded.
Grinder misses you.
You hit Grinder.
Grinder is heavily wounded.
Grinder hits you.
You closely miss Grinder.
Grinder is heavily wounded.
Grinder hits you but does no damage. Grinder gestures at you.
You suddenly lose the ability to move!
Grinder hits you but does no damage. Grinder hits you.
Grinder hits you but does no damage. Grinder hits you.
* * * LOW HITPOINT WARNING * * *
Grinder gestures at you. Pain shoots through your body!
You die...

#.........+.))..'...
###.#######.....####
#.....5.............
##..################
#.............#
###.#########.# #.#
#.# #5# #.# #@# #.#
#.#########.#
#...........#
#############
#....<......######
###.##..#####......>
#.......# ########
##..#...#
##..#...###


You could see Grinder.

Vanquished Creatures
  A crimson imp (D:3)
  An orc priest (D:3)
  A gnoll (D:1)
  4 adders (D:2)
  A worm (D:2)
  A giant gecko (D:2)
  4 orcs (D:3)
  3 ball pythons
  3 bats (D:2)
  3 giant cockroaches (D:2)
  5 goblins
  7 hobgoblins
  2 jackals (D:1)
  A giant newt (D:1)
  4 kobolds
  4 rats
  A spectral orc (D:2)
46 creatures vanquished.

Notes
Turn   | Place    | Note
--------------------------------------------------------------
     0 | D:1      | KarvaRausku, the Gargoyle Gladiator, began the quest for the Orb.
     0 | D:1      | Reached XP level 1. HP: 12/12 MP: 1/1
   148 | D:1      | Reached skill level 3 in Axes
   417 | D:1      | Reached XP level 2. HP: 17/17 MP: 2/2
  1005 | D:2      | Reached XP level 3. HP: 21/21 MP: 3/3
  1239 | D:2      | Reached skill level 4 in Axes
  1337 | D:2      | Found a basalt altar of Yredelemnul.
  1666 | D:2      | Reached XP level 4. HP: 18/26 MP: 4/4
  1986 | D:3      | Reached skill level 5 in Axes
  1991 | D:3      | Reached XP level 5. HP: 20/30 MP: 5/5
  2108 | D:3      | Noticed Grinder
  2127 | D:3      | Paralysed by Grinder for 6 turns
  2142 | D:3      | Paralysed by Grinder for 5 turns
  2421 | D:3      | Paralysed by Grinder for 2 turns
  2429 | D:3      | Paralysed by Grinder for 7 turns
  2434 | D:3      | Killed from afar by Grinder

Action                   |  1- 3 |  4- 6 || total
-------------------------+-------+-------++-------
Melee: War axe           |    97 |    81 ||   178
  Eat: Chunk             |     2 |     3 ||     5
